 Dungeon Crawl Stone Soup version 0.21-a0-434-g806c6c2 (webtiles) character file.

962 Beatriz the Charmwright (level 8, 0/56 HPs)
             Began as a Gnoll Skald on Nov 8, 2017.
             Slain by an ogre
             ... wielding a +0 giant club
              (17 damage)
             ... on level 5 of the Dungeon.
             The game lasted 00:10:01 (3975 turns).

Beatriz the Charmwright (Gnoll Skald)               Turns: 3975, Time: 00:10:02

Health: 0/56       AC: 10    Str: 19    XL:     8   Next: 15%
Magic:  13/16      EV: 12    Int: 17    God:
Gold:   243        SH:  0    Dex: 14    Spells: 12/18 levels left

rFire    . . .     SeeInvis .   a - +0 hand axe
rCold    . . .     Gourm    .   (no shield)
rNeg     . . .     Faith    .   h - +3 scale mail
rPois    .         Spirit   .   (no helmet)
rElec    .         Reflect  .   (no cloak)
rCorr    .         Harm     .   (no gloves)
MR       .....                  (no boots)
Stlth    +.........             m - amulet of regeneration
HPRegen  0.58/turn              (no ring)
MPRegen  0.15/turn              (no ring)

@: very slightly contaminated
A: distributed training, fangs 1, hooves 1, frail 1, strong 2, strong nose
a: no special abilities


You were on level 5 of the Dungeon.
You were not hungry.

You visited 1 branch of the dungeon, and saw 5 of its levels.

You collected 243 gold pieces.

Inventory:

Hand Weapons
 a - a +0 hand axe (weapon)
Armour
 h - a +3 scale mail (worn)
Jewellery
 m - an amulet of regeneration (around neck)
Wands
 y - a wand of iceblast (6/15)
Scrolls
 b - a scroll of noise {unknown}
 f - a scroll of blinking {unknown}
 g - a scroll of amnesia {unknown}
 i - 2 scrolls of remove curse
 j - 2 scrolls of identify {unknown}
 l - a scroll of enchant weapon {unknown}
 n - 2 scrolls of fog {unknown}
 q - 2 scrolls of teleportation {unknown}
 s - a scroll of immolation {unknown}
 u - a scroll of silence {unknown}
 x - a scroll of enchant armour {unknown}
Potions
 e - a potion of mutation
 p - a potion of heal wounds {unknown}
 r - a potion of lignification {unknown}
 t - a potion of flight {unknown}
 z - a potion of brilliance {unknown}
Books
 c - a book of Battle

   Spells                             Type                      Level
   a - Infusion                       Charms                       1
   b - Shroud of Golubria             Charms/Translocation         2
   c - Song of Slaying                Charms                       2
   d - Spectral Weapon                Hexes/Charms                 3
   e - Regeneration                   Charms/Necromancy            3
Comestibles
 d - 4 bread rations
 k - 7 royal jellies
 o - a meat ration
 v - 2 fruits
 w - 2 chunks of flesh


   Skills:
 + Level 5.5 Fighting
 + Level 2.9 Short Blades
 + Level 2.9 Long Blades
 + Level 5.5 Axes
 + Level 2.9 Maces & Flails
 + Level 2.9 Polearms
 + Level 2.9 Staves
 + Level 2.9 Slings
 + Level 2.9 Bows
 + Level 2.9 Crossbows
 + Level 2.9 Throwing
 + Level 4.0 Armour
 + Level 5.5 Dodging
 + Level 2.9 Stealth
 + Level 2.9 Shields
 + Level 2.9 Unarmed Combat
 + Level 5.8 Spellcasting
 + Level 2.3 Conjurations
 + Level 2.3 Hexes
 + Level 6.0 Charms
 + Level 2.3 Summonings
 + Level 2.3 Necromancy
 + Level 2.3 Translocations
 + Level 2.3 Transmutations
 + Level 2.3 Fire Magic
 + Level 2.3 Ice Magic
 + Level 2.3 Air Magic
 + Level 2.3 Earth Magic
 + Level 2.3 Poison Magic
 + Level 3.2 Invocations
 + Level 2.9 Evocations


You had 12 spell levels left.
You knew the following spells:

 Your Spells              Type           Power        Failure   Level  Hunger
a - Infusion              Chrm           ####         3%          1    None
b - Song of Slaying       Chrm           ####....     4%          2    #......
c - Regeneration          Chrm/Necr      ###.......   21%         3    ##.....


Dungeon Overview and Level Annotations

Branches:
Dungeon (5/15)
 Temple: D:4-7

Altars:
Makhleb
Qazlal
Ru
Wu Jian


Innate Abilities, Weirdness & Mutations

Your experience applies equally to all skills.
You have very sharp teeth.
Your uncanny sense of smell can sniff out nearby items.
You have large cloven feet.
You are frail. (-10% HP)
Your muscles are very strong. (Str +4)


Message History

You are too injured to fight recklessly!
Casting: Regeneration
Confirm with . or Enter, or press ? or * to list all spells.
You miscast Regeneration.
You are very lightly contaminated with residual magic.
Nothing appears to happen.
The crimson imp hits you but does no damage.
You hit the ogre. Your kick misses the ogre.
The ogre is heavily wounded.
You barely miss the crimson imp. The ogre misses you. The crimson imp hits you.
You hit the ogre. You kick the ogre, but do no damage.
The ogre is severely wounded.
You barely miss the crimson imp. The ogre hits you with a giant club!
* * * LOW HITPOINT WARNING * * *
The crimson imp hits you but does no damage.
You hit the crimson imp but do no damage.
Your kick misses the crimson imp.
The crimson imp is lightly wounded.
You closely miss the ogre. The ogre hits you with a giant club!
You die...

####.###.#.###.#.#
∆
+....#.._......#.#
####...#.#####.# .
#.......# #.###
#####.......#
#....
#...........#
#####
#...........#
#.......(...#
#..@.########
#.5O.# #....#
....... ........#
#........#
..........#
..........#


You could see an ogre and a crimson imp.

Vanquished Creatures
  The ghost of Mikaeshin the Twirler, an amateur GrGl (D:4)
  2 ogres
  2 howler monkeys (D:4)
  2 hounds (D:5)
  2 orc wizards
  2 orc priests
  A bullfrog skeleton (D:5)
  An iguana (D:4)
  Jessica (D:2)
  4 worker ants
  A hound skeleton (D:4)
  Robin (D:4)
  7 adders
  A howler monkey skeleton (D:5)
  An ooze (D:3)
  An adder skeleton (D:4)
  2 worms
  3 dart slugs
  A leopard gecko (D:3)
  9 orcs
  A ball python (D:5)
  11 bats
  2 giant cockroaches
  14 goblins
  9 hobgoblins
  5 jackals
  6 kobolds
  A quokka (D:4)
  4 frilled lizards
  A jackal skeleton (D:4)
  A leopard gecko skeleton (D:4)
  5 rats
105 creatures vanquished.

Notes
Turn   | Place    | Note
-------+----------+-------------------------------------------
     0 | D:1      | Beatriz the Gnoll Skald began the quest for the Orb.
     0 | D:1      | Reached XP level 1. HP: 20/20 MP: 6/6
    37 | D:1      | Reached XP level 2. HP: 3/26 MP: 0/7
   646 | D:1      | Reached XP level 3. HP: 31/31 MP: 9/9
   650 | D:1      | Learned a level 2 spell: Song of Slaying
   654 | D:1      | Learned a level 3 spell: Regeneration
   666 | D:1      | Reached skill level 5 in Spellcasting
   970 | D:2      | Reached skill level 1 in Invocations
  1167 | D:2      | Noticed Jessica
  1184 | D:2      | Killed Jessica
  1184 | D:2      | Reached skill level 1 in Short Blades
  1184 | D:2      | Reached skill level 1 in Long Blades
  1184 | D:2      | Reached skill level 1 in Maces & Flails
  1184 | D:2      | Reached skill level 1 in Polearms
  1184 | D:2      | Reached skill level 1 in Staves
  1184 | D:2      | Reached skill level 1 in Slings
  1184 | D:2      | Reached skill level 1 in Bows
  1184 | D:2      | Reached skill level 1 in Crossbows
  1184 | D:2      | Reached skill level 1 in Throwing
  1184 | D:2      | Reached skill level 1 in Stealth
  1184 | D:2      | Reached skill level 1 in Shields
  1184 | D:2      | Reached skill level 1 in Unarmed Combat
  1184 | D:2      | Reached skill level 1 in Evocations
  1184 | D:2      | Reached XP level 4. HP: 20/38 MP: 11/11
  1348 | D:2      | Found a sacrificial altar of Ru.
  1526 | D:3      | Reached skill level 1 in Conjurations
  1526 | D:3      | Reached skill level 1 in Hexes
  1526 | D:3      | Reached skill level 1 in Summonings
  1526 | D:3      | Reached skill level 1 in Necromancy
  1526 | D:3      | Reached skill level 1 in Translocations
  1526 | D:3      | Reached skill level 1 in Transmutations
  1526 | D:3      | Reached skill level 1 in Fire Magic
  1526 | D:3      | Reached skill level 1 in Ice Magic
  1526 | D:3      | Reached skill level 1 in Air Magic
  1526 | D:3      | Reached skill level 1 in Earth Magic
  1526 | D:3      | Reached skill level 1 in Poison Magic
  1932 | D:3      | Reached XP level 5. HP: 24/43 MP: 12/12
  2110 | D:3      | Found a stormy altar of Qazlal.
  2265 | D:4      | HP: 2/43 [orc wizard/magic dart (6)]
  2266 | D:4      | Reached XP level 6. HP: 2/50 MP: 5/13
  2682 | D:4      | Noticed Mikaeshin's ghost (amateur GrGl)
  2692 | D:4      | Killed Mikaeshin's ghost
  2692 | D:4      | Reached skill level 5 in Fighting
  2692 | D:4      | Reached skill level 5 in Axes
  2692 | D:4      | Reached skill level 5 in Dodging
  2842 | D:4      | Noticed Robin
  2843 | D:4      | Reached XP level 7. HP: 56/56 MP: 15/15
  2879 | D:4      | Killed Robin
  3538 | D:4      | Gained mutation: Your muscles are strong. (Str +2) [potion of mutation]
  3538 | D:4      | Gained mutation: You have large cloven feet. [potion of mutation]
  3538 | D:4      | Gained mutation: You are frail. (-10% HP) [potion of mutation]
  3538 | D:4      | Gained mutation: Your muscles are very strong. (Str +4) [potion of mutation]
  3732 | D:5      | Entered Level 5 of the Dungeon
  3749 | D:5      | Reached XP level 8. HP: 28/56 MP: 12/16
  3794 | D:5      | Found a burning altar of Makhleb.
  3817 | D:5      | Reached skill level 6 in Charms
  3819 | D:5      | Found an ornate altar of the Wu Jian Council.
  3975 | D:5      | Slain by an ogre

Vault maps used:
D:1:      evilmike_arrival_plus
D:2:      lemuel_statue_altar, uniq_jessica
D:3:      grunt_qazlal_clouds, corexii_shack
D:4:      cheibrodos_barr_body, uniq_robin
D:5:      kennysheep_mini, lemuel_crystal_altar, first_bread

Skill      XL: |  1  2  3  4  5  6  7  8 |
---------------+-------------------------+-----
Spellcasting   | 5 |  5.8
Invocations    | 1 2 3 |  3.2
Short Blades   | 1 2 |  2.9
Long Blades    | 1 2 |  2.9
Maces & Flails | 1 2 |  2.9
Polearms       | 1 2 |  2.9
Staves         | 1 2 |  2.9
Slings         | 1 2 |  2.9
Bows           | 1 2 |  2.9
Crossbows      | 1 2 |  2.9
Throwing       | 1 2 |  2.9
Stealth        | 1 2 |  2.9
Shields        | 1 2 |  2.9
Unarmed Combat | 1 2 |  2.9
Evocations     | 1 2 |  2.9
Conjurations   | 1 2 |  2.3
Hexes          | 1 2 |  2.3
Summonings     | 1 2 |  2.3
Necromancy     | 1 2 |  2.3
Translocations | 1 2 |  2.3
Transmutations | 1 2 |  2.3
Fire Magic     | 1 2 |  2.3
Ice Magic      | 1 2 |  2.3
Air Magic      | 1 2 |  2.3
Earth Magic    | 1 2 |  2.3
Poison Magic   | 1 2 |  2.3
Armour         | 3 4 |  4.0
Fighting       | 5 |  5.5
Axes           | 5 |  5.5
Dodging        | 5 |  5.5
Charms         | 6 |  6.0

Action                   |  1- 3 |  4- 6 |  7- 9 || total
-------------------------+-------+-------+-------++-------
Melee: Hand axe          |   141 |   127 |   167 ||   435
       Bite              |    11 |    11 |    20 ||    42
       Punch             |     1 |     2 |       ||     3
       Kick              |       |       |    21 ||    21
 Cast: Infusion          |     1 |     4 |     3 ||     8
       Regeneration      |       |     4 |     5 ||     9
       Song of Slaying   |       |     1 |       ||     1
  Use: Scroll            |       |       |     1 ||     1
       Potion            |       |       |     1 ||     1
  Eat: Chunk             |     1 |     6 |     5 ||    12
Armor: Leather armour    |     8 |       |       ||     8
       Scale mail        |    69 |    60 |    89 ||   218
Dodge: Dodged            |   102 |    62 |   107 ||   271

Table legend:
 A = Spawn XP
 B = Non-spawn XP
 C = Spawn XP percentage of total XP
 D = Spawn monster count
 E = Non-spawn monster count
 F = Spawn count percentage of total count
 G = Total turns spent on level
                    A         B        C        D         E        F      G
               +---------+---------+-------+---------+---------+-------+---------
         Total |       0 |    1375 |   0.0 |       0 |     105 |   0.0 |  3975
               +---------+---------+-------+---------+---------+-------+---------
           D:1 |       0 |      50 |   0.0 |       0 |      27 |   0.0 |   915
           D:2 |       0 |      66 |   0.0 |       0 |      15 |   0.0 |   581
           D:3 |       0 |     155 |   0.0 |       0 |      18 |   0.0 |   711
           D:4 |       0 |     811 |   0.0 |       0 |      36 |   0.0 |  1525
           D:5 |       0 |     293 |   0.0 |       0 |       9 |   0.0 |   243
               +---------+---------+-------+---------+---------+-------+---------
